 Dungeon Crawl Stone Soup version 0.13-a0-2477-geaae114 (webtiles) character file.

432 Bruce the Firebug (level 5, -5/28 HPs)
             Began as a Deep Elf Fire Elementalist on July 19, 2013.
             Slain by Sigmund
             ... wielding a +0,+0 scythe
              (14 damage)
             ... while paralysed by a potion of paralysis
             ... on Level 4 of the Dungeon.
             The game lasted 00:08:27 (1457 turns).

Bruce the Firebug (Deep Elf Fire Elementalist)      Turns: 1457, Time: 00:08:27

HP  -5/28        AC  3     Str  5      XL: 5   Next: 63%
MP  12/16        EV  2     Int 21      God:
Gold 213         SH  0     Dex 15      Spells:  4 memorised,  1 level left

Res.Fire  : . . .   See Invis. : .   e - +2,+0 dagger (venom)
Res.Cold  : . . .   Warding    : .   a - +0 elf robe
Life Prot.: . . .   Conserve   : .   (no shield)
Res.Poison: .       Res.Corr.  : .   (no helmet)
Res.Elec. : .       Clarity    : .   B - +0 cloak
Sust.Abil.: . .     Spirit.Shd : .   (no gloves)
Res.Mut.  : .       Stasis     : .   (no boots)
Res.Rott. : .       Flight     : .   (no amulet)
Saprovore : . . .                    (no ring)
                                     (no ring)

@: paralysed, slightly resistant to hostile enchantments, fairly stealthy
A: no striking features
a: no special abilities


You were on level 4 of the Dungeon.
You were hungry.

You visited 1 branch of the dungeon, and saw 4 of its levels.

You collected 193 gold pieces.

Inventory:

Hand weapons
 e - a +2,+0 dagger of venom (weapon)
 x - a -1 orcish blowgun
 A - a +2,+3 quarterstaff of chaos
Missiles
 u - a throwing net (quivered)
 y - 5 poisoned needles
Armour
 a - a +0 elven robe (worn)
 m - a +0 shield
 B - a +0 cloak (worn)
Magical devices
 z - a wand of teleportation (2) {unknown}
Comestibles
 c - 2 bread rations
 j - a meat ration
 s - a pear
Scrolls
 d - 3 scrolls of identify {unknown}
 f - 3 scrolls of random uselessness {unknown}
 h - a scroll of curse jewellery {unknown}
 k - a scroll of amnesia {unknown}
 l - 3 scrolls of remove curse {unknown}
 r - a scroll of curse armour {unknown}
 v - a scroll of teleportation {unknown}
 w - a scroll of enchant weapon I {unknown}
Jewellery
 n - an uncursed amulet of resist mutation {unknown}
Potions
 o - a potion of invisibility {unknown}
 p - a potion of speed {unknown}
 q - a potion of agility {unknown}
Books
 b - a book of Flames

   Spells                             Type                      Level
   *Flame Tongue                      Conjuration/Fire             1
   *Throw Flame                       Conjuration/Fire             2
   *Conjure Flame                     Conjuration/Fire             3
   Inner Flame                        Hexes/Fire                   3
   *Sticky Flame                      Conjuration/Fire             4
   Fireball                           Conjuration/Fire             5


   Skills:
 - Level 2.4 Dodging
 - Level 2.4 Stealth
 + Level 3.6 Spellcasting
 * Level 4.4 Conjurations
 + Level 4.6 Fire Magic


You had one spell level left.
You knew the following spells:

 Your Spells              Type           Power        Failure   Level  Hunger
a - Flame Tongue          Conj/Fire      ###..        1%          1    None
b - Throw Flame           Conj/Fire      ###...       3%          2    #......
c - Conjure Flame         Conj/Fire      ###.....     10%         3    ###....
d - Sticky Flame          Conj/Fire      ###.....     24%         4    ####...


Dungeon Overview and Level Annotations

Branches:
Dungeon (4/27)
 Temple: D:4-7

Altars:

Annotations
D:4 Sigmund


Message History

Unknown command.
You now have 199 gold pieces (gained 12).
You see here 16 stones.
You now have 213 gold pieces (gained 14).
You are near starving!
Sigmund comes into view.
He is wielding a scythe.
Eat which item? (? for menu, Esc to quit)
You are feeling hungry.
You continue eating.
You finish eating.
That choko was very bland.
Sigmund casts a spell at you. The magic dart hits you!
Sigmund casts a spell at you. The magic dart hits you!
* * * LOW HITPOINT WARNING * * *
Drink which item? (? for menu, Esc to quit)
You suddenly lose the ability to move!
It was a potion of paralysis.
Sigmund hits you from afar with a scythe!
Ouch! That really hurt!
You die...

#.#
######(####
#..<......#
#.#####.#.#
#.......#.#
##
#########.#
...### .@.
#.#
#....###.#
#.# #...@.#
#.#
###.#######.#
#.........#
#######.###
#.# #.# #.#
#.# #.#


You could see Sigmund.

Vanquished Creatures
  Crazy Yiuf (D:2)
  An orc wizard (D:3)
  2 adders
  8 gnolls
  3 giant geckos
  5 oozes
  8 orcs (D:3)
  4 bats
  2 giant cockroaches (D:2)
  7 hobgoblins
  A quokka (D:2)
  A ball python (D:3)
  A giant newt (D:2)
  4 goblins
  6 kobolds
  5 rats
  A fungus (D:2)
  A plant (D:2)
61 creatures vanquished.

Vanquished Creatures (others)
  A ghoul (D:1)
  A minotaur (D:1)
  A troll (D:1)
  A spriggan (D:1)
  2 nagas (D:1)
  2 dwarves (D:1)
  An ogre (D:1)
  2 centaurs (D:1)
  An orc (D:1)
  4 tentacles (D:1)
  8 tentacle segments (D:1)
24 creatures vanquished.

Grand Total: 85 creatures vanquished

Notes
Turn   | Place    | Note
--------------------------------------------------------------
     0 | D:1      | Bruce, the Deep Elf Fire Elementalist, began the quest for the Orb.
     0 | D:1      | Reached XP level 1. HP: 10/10 MP: 4/4
     0 | D:1      | Noticed a troll
     0 | D:1      | Noticed a naga
     0 | D:1      | Noticed a dwarf
     0 | D:1      | Noticed a dwarf
     0 | D:1      | Noticed a kraken
     0 | D:1      | Noticed a spriggan
     0 | D:1      | Noticed a centaur
     0 | D:1      | Noticed an ogre
     0 | D:1      | Noticed a centaur
     0 | D:1      | Noticed a ghoul
     0 | D:1      | Noticed a minotaur
     0 | D:1      | Noticed a naga
     3 | D:1      | Killed a spriggan
     3 | D:1      | Killed a dwarf
     3 | D:1      | Killed a dwarf
     4 | D:1      | Killed an ogre
     4 | D:1      | Killed a naga
     5 | D:1      | Killed a centaur
     6 | D:1      | Killed a minotaur
     6 | D:1      | Killed a troll
    10 | D:1      | Killed a naga
    11 | D:1      | Killed a ghoul
    14 | D:1      | Killed a centaur
   177 | D:2      | Reached XP level 2. HP: 13/15 MP: 3/7
   324 | D:2      | Reached XP level 3. HP: 19/19 MP: 6/9
   328 | D:2      | Learned a level 2 spell: Throw Flame
   332 | D:2      | Learned a level 3 spell: Conjure Flame
   805 | D:3      | Reached XP level 4. HP: 13/24 MP: 9/12
   944 | D:2      | Noticed Crazy Yiuf
   950 | D:2      | HP: 1/24 [Crazy Yiuf/quarterstaff of chaos (8)]
   952 | D:2      | Killed Crazy Yiuf
   952 | D:2      | Reached skill level 4 in Fire Magic
  1118 | D:3      | Reached XP level 5. HP: 5/28 MP: 13/16
  1129 | D:3      | Learned a level 4 spell: Sticky Flame
  1449 | D:4      | Noticed Sigmund
  1455 | D:4      | Paralysed by a potion of paralysis for 7 turns
  1457 | D:4      | Slain by Sigmund

Action                   |  1- 3 |  4- 6 || total
-------------------------+-------+-------++-------
Melee: Dagger            |    30 |    42 ||    72
       Quarterstaff      |       |    10 ||    10
 Fire: Blowgun           |     1 |    17 ||    18
Throw: Spear             |       |     1 ||     1
 Cast: Flame Tongue      |    45 |    45 ||    90
       Conjure Flame     |     1 |     1 ||     2
       Throw Flame       |       |     1 ||     1
       Sticky Flame      |       |     2 ||     2
  Use: Potion            |       |     1 ||     1
 Stab: Sleeping          |     4 |       ||     4
